 Dungeon Crawl Stone Soup version 0.31-a0-667-g39726597b9 (webtiles) character file.

Game seed: 9889937539491515816

1809 maybesocks the Fighter (level 8, 0/74 HPs)
             Began as a Minotaur Berserker on Sept 4, 2023.
             Was a Priest of Trog.
             Shot with an arrow by an orc warrior (9 damage)
             ... on level 6 of the Dungeon.
             The game lasted 00:15:19 (4974 turns).

maybesocks the Fighter (Minotaur Berserker)         Turns: 4974, Time: 00:15:20

Health: 0/74       AC: 10    Str: 24    XL:     8   Next: 84%
Magic:  7/7        EV: 11    Int:  4    God:    Trog [***...]
Gold:   248        SH:  0    Dex: 16    Spells: 7/7 levels left

rFire   . . .        a - +0 hand axe
rCold   . . .        (no shield)
rNeg    . . .        k - +0 scale mail
rPois   .            (helmet restricted)
rElec   .            m - +0 cloak
rCorr   .            w - +0 pair of gloves
SInv    +            (no boots)
Will    ++...        (no amulet) Stlth
                     n - +6 ring of dexterity
HPRegen 1.32/turn    S - ring of see invisible
MPRegen 0.10/turn

%: no passive effects
@: strong-willed, regenerating
A: horns 2, retaliatory headbutt
a: Renounce Religion, Berserk, Trog's Hand


You were on level 6 of the Dungeon.
You worshipped Trog.
Trog was most pleased with you.
You visited 1 branch of the dungeon, and saw 6 of its levels.

You collected 248 gold pieces.

Inventory:

Hand Weapons
 a - a +0 hand axe (weapon)
 j - a +1 short sword of speed
 r - a +0 shortbow
 t - a +2 spear of flaming
 v - a +0 orcbow
Armour
 b - a +0 animal skin
 k - a +0 scale mail (worn)
 m - a +0 cloak (worn)
 w - a +0 pair of gloves (worn)
Jewellery
 n - a +6 ring of dexterity (left hand)
 C - a ring of resist corrosion
 I - a ring of protection from cold
 S - a ring of see invisible (right hand)
Wands
 D - a wand of digging (4)
Scrolls
 g - a scroll of immolation {unknown}
 i - a scroll of identify
 p - a scroll of teleportation {unknown}
 q - a scroll of blinking {unknown}
 s - a scroll of fog {unknown}
 u - 2 scrolls of vulnerability {unknown}
Potions
 c - a potion of attraction
 d - a potion of cancellation
 e - a potion of enlightenment {unknown}
 f - a potion of lignification {unknown}
 h - 2 potions of curing {unknown}
 l - a potion of haste {unknown}
 o - 2 potions of mutation


   Skills:
 * Level 8.1 Fighting
 - Level 1.9 Short Blades
 * Level 7.4 Axes
 * Level 5.2 Ranged Weapons
 * Level 7.5 Armour
 - Level 2.3 Dodging
 - Level 0.1 Stealth


You had 7 spell levels left.
You didn't know any spells.
Your spell library was empty.

Dungeon Overview and Level Annotations

Branches:
Dungeon (6/15)             Temple (0/1) D:5

Altars:

Shops:
D:3 :   D:4 :   D:5 *


Innate Abilities, Weirdness & Mutations

You have a pair of horns on your head.
You reflexively headbutt those who attack you in melee.


Message History

The orc warrior closely misses you. You furiously retaliate!
You headbutt the orc warrior! You slash the orc!
You kill the orc!
Trog accepts your kill.
You closely miss the orc warrior. The orc warrior barely misses you.
You hit the orc. You headbutt the orc.
You kill the orc!
Trog accepts your kill.
You can now call in reinforcements.
You hit the orc warrior but do no damage.
The orc warrior hits you with a +1 war axe of freezing!
The orc warrior freezes you.
You take 9 damage, and have 35/74 hp.
You hit the orc warrior but do no damage.
You headbutt the orc warrior, but do no damage.
The orc warrior is severely wounded.
The orc warrior hits you with a +1 war axe of freezing!
The orc warrior freezes you.
You take 12 damage, and have 23/74 hp.
You hit the orc warrior but do no damage.
The orc warrior is severely wounded.
The orc warrior hits you with a +1 war axe of freezing!
* * * LOW HITPOINT WARNING * * *
The orc warrior freezes you.
* * * LOW HITPOINT WARNING * * *
You take 16 damage, and have 7/74 hp.
MASSIVE DAMAGE!!
Your skin crawls.
You feel strong-willed.
You can no longer call in reinforcements.
The orc warrior barely misses you.
You hit the orc warrior but do no damage.
The orc warrior is severely wounded.
The orc warrior hits you with a +1 war axe of freezing.
* * * LOW HITPOINT WARNING * * *
The orc warrior freezes you.
* * * LOW HITPOINT WARNING * * *
The orc warrior unwields a +1 war axe of freezing.
The orc warrior wields a +0 orcbow.
The orc warrior shoots an arrow.
The arrow hits you!
You die...

........#....... #.##.
#.# #..
.###.####....... #....
...####.. .###.#
.......####.#.
##....... .#...#
........# #. .......
.#.#.# .......!#
#..##....... .#.#.#
........# .....####..
.....# ......o)# ..##
#.. ##.### #######.#
#.# #.. #.# #@# # #.#
##.. #.# #.##.###.#
#... #.######
#####........######...
#......#
#........###..........
######.# #.########
#.####..... #.####.#
#.####..... #......#
####.##.......
########
#.......#...).
#.##.##.#.....


You could see an orc warrior.

Vanquished Creatures
  Grinder (D:6)
  A shadow (D:5)
  A steam dragon (D:6)
  Edmund (D:5)
  A water moccasin (D:6)
  An orc warrior (D:6)
  2 centaurs
  A phantom (D:6)
  2 scorpions (D:6)
  2 hounds (D:5)
  A gnoll bouda (D:5)
  An orc priest (D:3)
  4 iguanas
  7 orc wizards
  7 adders
  10 gnolls
  2 ufetubi (D:5)
  3 worms
  A dart slug (D:3)
  24 orcs
  A bat (D:3)
  2 endoplasms
  4 giant cockroaches
  8 goblins
  A hobgoblin (D:1)
  5 kobolds
  5 quokkas
  8 ball pythons
  9 frilled lizards
  2 rats (D:2)
118 creatures vanquished.

Notes
Turn   | Place    | Note
-------+----------+-------------------------------------------
     0 | D:1      | maybesocks the Minotaur Berserker began the quest for the
                  | Orb.
     0 | D:1      | Reached XP level 1. HP: 19/19 MP: 0/0
   316 | D:1      | Found a faded altar of an unknown god.
   551 | D:1      | Reached XP level 2. HP: 26/27 MP: 1/1
   807 | D:2      | Reached skill level 4 in Fighting
   952 | D:2      | Reached XP level 3. HP: 24/33 MP: 2/2
  1023 | D:2      | Reached ** piety under Trog
  1205 | D:2      | Reached XP level 4. HP: 41/41 MP: 3/3
  1293 | D:3      | Reached skill level 1 in Short Blades
  1424 | D:3      | Reached skill level 5 in Fighting
  1685 | D:3      | Reached XP level 5. HP: 48/48 MP: 4/4
  1856 | D:3      | Found Gutiesin's Book Shop.
  2216 | D:4      | Reached *** piety under Trog
  2387 | D:4      | Found Dourebua's Book Shop.
  2578 | D:4      | Reached XP level 6. HP: 36/57 MP: 5/5
  3041 | D:5      | Entered Level 5 of the Dungeon
  3082 | D:5      | Reached skill level 1 in Ranged Weapons
  3279 | D:5      | Found a staircase to the Ecumenical Temple.
  3307 | D:5      | Reached skill level 5 in Armour
  3331 | D:5      | Reached skill level 6 in Fighting
  3418 | D:5      | Reached skill level 5 in Axes
  3574 | D:5      | Noticed Edmund
  3589 | D:5      | Killed Edmund
  3590 | D:5      | Reached XP level 7. HP: 64/64 MP: 6/6
  3898 | D:5      | Found Velyoces's Elemental Accessories.
  3965 | D:5      | Noticed a shadow
  3975 | D:5      | Killed a shadow
  4237 | D:6      | Reached skill level 7 in Fighting
  4237 | D:6      | Reached XP level 8. HP: 73/73 MP: 7/7
  4540 | D:6      | Noticed Grinder
  4557 | D:6      | Killed Grinder
  4701 | D:6      | Reached skill level 8 in Fighting
  4701 | D:6      | Reached skill level 5 in Ranged Weapons
  4969 | D:6      | Reached **** piety under Trog
  4974 | D:6      | Shot with an arrow by an orc warrior

Illustrated notes

Levels and vault maps discovered:
D:1:      elethiomel_arrival_infinity_welcomes_careful_drivers, layout_rooms,
          chequers_ecumenical_altar_simple_redux
D:2:      layout_basic
D:3:      cheibrodos_old_hovel, layout_loops_ring, serial_shops,
          nicolae_book_shop_shelving, reono_crystal_passage,
          nicolae_figureground_pulse
D:4:      layout_loops_cross, serial_shops, shop
D:5:      layout_loops_cross, minmay_temple_entry_large_hall,
          nicolae_elemental_shop, serial_bayou_pond_e, uniq_edmund
D:6:      layout_loops_cross, uniq_grinder

Skill      XL: |  1  2  3  4  5  6  7  8 |
---------------+-------------------------+-----
Axes           | 4 5 6 7 |  7.4
Fighting       | 4 5 6 7 8 |  8.1
Armour         | 3 4 5 6 7 |  7.5
Short Blades   | 1 |  1.9
Ranged Weapons | 2 3 5 |  5.2
Dodging        | |  2.3
Stealth        | |  0.1

Action                     |  1- 3 |  4- 6 |  7- 9 || total
---------------------------+-------+-------+-------++-------
  Melee: Hand axe          |    59 |   117 |   100 ||   276
         Headbutt          |     9 |    13 |    24 ||    46
         Punch             |     2 |     1 |     2 ||     5
   Fire: Shortbow          |       |    65 |       ||    65
 Invoke: Berserk           |       |     4 |     2 ||     6
         Trog's Hand       |       |     1 |     2 ||     3
    Use: Scroll            |       |       |     3 ||     3
 Armour: Animal skin       |    26 |       |       ||    26
         Scale mail        |     6 |   125 |    96 ||   227
  Dodge: Dodged            |    40 |    91 |    67 ||   198

Table legend: (Time is in decaauts)
 A = Elapsed time spent in this place.
 B = Non-inter-level travel time spent in this place.
 C = Inter-level travel time spent in this place.
 D = Time resting spent in this place.
 E = Time spent auto-exploring this place.
 F = Levels seen in this place.
 G = Mean time per level.
                   A        B        C        D        E       F      G
               +--------+--------+--------+--------+--------+-----+--------+
         Total |   5067 |   4979 |     88 |   1259 |   2572 |   6 |  844.5 |
       Dungeon |   5067 |   4979 |     88 |   1259 |   2572 |   6 |  844.5 |
               +--------+--------+--------+--------+--------+-----+--------+

Top non-repeatable levels by time:
     D:5: 1164 daAuts
     D:3: 965 daAuts
     D:4: 857 daAuts
     D:6: 825 daAuts
     D:1: 634 daAuts
     D:2: 620 daAuts
